 Dungeon Crawl Stone Soup version 0.28-a0-1233-g92def6ad0a (webtiles) character file.

Game seed: 11938765367175323677

128671 Grim the Impaler (level 17, -1/210 HPs)
             Began as a Merfolk Berserker on Dec 22, 2021.
             Was an Elder of Trog.
             Slain by a ghoul (16 damage)
             ... on level 4 of the Swamp on Dec 23, 2021.
             The game lasted 01:09:32 (29050 turns).

Grim the Impaler (Merfolk Berserker)               Turns: 29050, Time: 01:09:33

Health: -1/210     AC: 11    Str: 26    XL:     17   Next: 3%
Magic:  17/17      EV: 22    Int: 14    God:    Trog [****..]
Gold:   2189       SH:  0    Dex: 17    Spells: 16/16 levels left

rFire   . . .      SeeInvis .   b - +9 glaive "Goowaph" {freeze, rN+ rCorr}
rCold   . . .      Faith    .   (shield currently unavailable)
rNeg    + . .      Spirit   .   E - +0 troll leather armour
rPois   +          Reflect  .   r - +1 helmet
rElec   .          Harm     .   l - scarf {repulsion}
rCorr   +          Rampage  .   (no gloves)
Will    +....                   n - +2 pair of boots
Stlth   ..........              X - amulet of Fiast {RegenMP Contam rPois Regen+}
HPRegen 2.05/turn               i - +4 ring of slaying
MPRegen 0.55/turn               j - ring "Acuse" {*Slow +Blink rPois Str+6 Int+6}

@: berserking, repel missiles, very quick
A: (nimble swimmer 2), mertail, passive freeze, noise suppression
a: Renounce Religion, Evoke Blink, Berserk, Trog's Hand, Brothers in Arms


You were on level 4 of the Swamp.
You worshipped Trog.
Trog was greatly pleased with you.
You visited 3 branches of the dungeon, and saw 24 of its levels.
You also visited: Sewer.

You collected 2189 gold pieces.

Inventory:

Hand Weapons
 b - the +9 glaive "Goowaph" (weapon) {freeze, rN+ rCorr}
   (You found it on level 5 of the Dungeon)

   It freezes those it strikes, dealing additional cold damage.
   It can also slow down cold-blooded creatures.
   rN:        It protects you from negative energy.
   rCorr:     It protects you from acid and corrosion.
Missiles
 h - 2 silver boomerangs
 o - 4 boomerangs (quivered)
 p - 74 poisoned darts
 B - 7 throwing nets
 F - a javelin
 N - 3 curare-tipped darts
 V - 2 atropa-tipped darts
Armour
 e - +0 fire dragon scales
 l - a scarf of repulsion (worn)
 n - a +2 pair of boots (worn)
 r - a +1 helmet (worn)
 E - a +0 troll leather armour (worn)
Jewellery
 f - a ring of see invisible
 i - a +4 ring of slaying (left hand)
 j - the ring "Acuse" (right hand) {*Slow +Blink rPois Str+6 Int+6}
   (You acquired it on level 2 of the Swamp)

   [ring of strength]

   Str:       It affects your strength (+6).
   Int:       It affects your intelligence (+6).
   rPois:     It protects you from poison.
   +Blink:    It lets you blink.
   *Slow:     It may slow you when you take damage.
 m - an amulet of regeneration
 t - an amulet of faith
 H - a ring of positive energy
 M - a ring of willpower
 T - a ring of protection from cold
 U - a ring of protection from fire
 X - the amulet of Fiast (around neck) {RegenMP Contam rPois Regen+}
   (You found it on level 6 of the Lair of Beasts)

   [amulet of magic regeneration]

   It increases your rate of magic regeneration.
   rPois:     It protects you from poison.
   Contam:    It causes magical contamination when unequipped.
   Regen:     It increases your rate of health regeneration.
Wands
 a - a wand of polymorph (13)
 u - a wand of iceblast (24)
 A - a wand of flame (41)
 C - a wand of digging (9)
 D - a wand of paralysis (15)
 J - a wand of charming (25)
 S - a wand of mindburst (12)
Scrolls
 c - 4 scrolls of teleportation
 k - a scroll of holy word {unknown}
 q - 2 scrolls of enchant armour
 s - 3 scrolls of amnesia {unknown}
 w - 3 scrolls of magic mapping
 x - 3 scrolls of enchant weapon
 y - 4 scrolls of fear {unknown}
 G - 5 scrolls of vulnerability
 I - a scroll of immolation {unknown}
 K - a scroll of brand weapon {unknown}
 L - 5 scrolls of blinking
 R - 2 scrolls of summoning {unknown}
 W - a scroll of identify
 Y - a scroll of silence {unknown}
Potions
 d - 7 potions of curing
 g - 2 potions of might
 v - a potion of invisibility
 z - 10 potions of flight
 O - a potion of cancellation
 Q - 3 potions of mutation {!q}
 Z - a potion of berserk rage
Miscellaneous
 P - a phantom mirror


   Skills:
 + Level 14.8 Fighting
 - Level 20.0 Polearms
 - Level 10.0 Throwing
 - Level 10.9 Armour
 + Level 17.5 Dodging
 - Level 10.0 Evocations


You had 16 spell levels left.
You didn't know any spells.
Your spell library was empty.

Dungeon Overview and Level Annotations

Branches:
Dungeon (14/15)            Temple (0/1) D:4            Lair (6/6) D:11
  Swamp (4/4) Lair:2       Spider (0/4) Lair:2        Slime (0/5) Lair:6
    Orc (0/2) D:9          Vaults (0/5) D:14          Sewer (visited)

Altars:
Makhleb
Yredelemnul
Beogh
Jiyva

Shops:
D:1 *   D:4 !*(*=   D:5 :   D:7 (   D:8 ?

Portals:
Trove: D:14 (give 7 scrolls of blinking)

Annotations:
Lair:2 Gastronok
Lair:6 1 runed translucent door


Innate Abilities, Weirdness & Mutations

((You are very nimble when in or above water. (Stealth+, EV+, Speed+++)))
Your lower body shifts to a powerful aquatic tail in water.
A frigid envelope surrounds you and freezes all who hurt you.
You passively dampen the noise of your surroundings.


Message History

The ghoul completely resists.
You slash the ghoul! You freeze the ghoul.
The ghoul is moderately damaged.
You slice the ghoul!! You freeze the ghoul.
The ghoul is moderately damaged.
The ghoul claws you but does no damage.
The ghoul resists.
The ghoul is very cold.
The ghoul is moderately damaged.
The ghoul completely misses you.
You slash the ghoul! You freeze the ghoul.
The ghoul is heavily damaged.
The ghoul completely misses you. The ghoul claws you!!
* * * LOW HITPOINT WARNING * * *
A red film seems to cover your vision as you go berserk!
You feel yourself moving faster!
You feel mighty! The ghoul claws you!
* * * LOW HITPOINT WARNING * * *
The ghoul completely resists.
The ghoul claws you!!
* * * LOW HITPOINT WARNING * * *
The ghoul resists.
The ghoul is very cold.
The ghoul is heavily damaged.
You are too injured to fight recklessly!
You barely miss the ghoul.
The ghoul is heavily damaged.
You slice the ghoul!! You freeze the ghoul.
The ghoul is severely damaged.
The ghoul claws you!
* * * LOW HITPOINT WARNING * * *
The ghoul resists.
The ghoul is very cold.
The ghoul is severely damaged.
The ghoul claws you!!
* * * LOW HITPOINT WARNING * * *
The ghoul resists.
The ghoul is very cold.
The ghoul is severely damaged.
You barely miss the ghoul.
The ghoul is severely damaged.
Unknown command.
You slash the ghoul! You freeze the ghoul.
The ghoul is severely damaged.
The ghoul claws you!
You die...

#########
##≈..♣...##
###♣≈≈.♣♣♣≈≈≈♣###
##≈≈.≈≈≈≈♣≈)≈≈≈≈.#
##§##≈≈≈§≈♣.≈≈≈@##≈#
#≈.#∩##♣≈§♣≈.♣##n#
#♣§≈≈#≈##≈.♣≈.# #v.
#.≈)≈#≈.##♣≈♣## ≈≈§≈
♣≈)≈≈##≈.##♣# .≈.♣
..≈§.♣#≈.≈♣ ≈≈≈≈#
...≈≈.##♣≈≈≈ .≈≈.
≈♣≈.≈..# ≈≈≈≈ ♣≈..
≈≈≈≈≈≈## ≈.≈


You could see a ghoul and a will-o-the-wisp.

Vanquished Creatures
  Bai Suzhen (Swamp:3)
  Jorgrun (D:14)
  Frances (D:12)
  Agnes (D:14)
  Kirke (D:12)
  2 thorn hunters (Swamp:3)
  3 fenstrider witches
  3 ghouls (Swamp:4)
  2 eleionomae
  6 bunyips
  A green death (Swamp:4)
  Josephine (D:10)
  A shambling mangrove (Swamp:3)
  A vault guard (D:14)
  18 hydras
  3 ghost crabs
  2 centaur warriors (D:14)
  Erica (Lair:2)
  An ogre mage (Swamp:4)
  3 two-headed ogres
  10 alligators
  2 death yaks (Lair:6)
  2 tengu warriors
  2 spriggan berserkers
  Sonja (D:10)
  2 spectral dire elephants (Lair:6)
  Urug (D:13)
  A soul eater (Swamp:4)
  A spectral death yak (Lair:6)
  3 goliath frogs (Swamp:2)
  8 spriggan druids
  5 swamp dragons
  An obsidian statue (Lair:6)
  6 bog bodies
  A deep elf archer (D:14)
  A deep elf zephyrmancer (Swamp:4)
  2 deep elf pyromancers
  4 harpies (D:12)
  3 necromancers (Lair:6)
  5 ugly things
  An oklob plant (D:11)
  2 cyclopes
  5 will-o-the-wisps
  Maurice (D:13)
  A manticore (D:11)
  23 elephants
  3 black mambas
  2 gargoyles
  An orange demon (Swamp:4)
  12 cane toads
  A dire elephant skeleton (Lair:6)
  A kobold demonologist (D:9)
  2 rime drakes
  An unseen horror (shapeshifter) (D:13)
  3 komodo dragons
  A hellwing (Swamp:4)
  A meliai (shapeshifter) (D:14)
  4 trolls
  2 polar bears
  8 hornets
  A bloated husk (Swamp:3)
  8 tyrant leeches
  Grinder (D:3)
  13 slime creatures
  11 blink frogs
  A spectral elephant (Lair:6)
  4 dream sheep (Lair:5)
  2 redbacks (Lair:2)
  9 spriggans
  4 wyverns
  Eustachio (D:6)
  2 hogs (D:12)
  5 wraiths
  52 yaks
  A chaos spawn (Swamp:4)
  3 basilisks
  6 vampire mosquitoes
  A spectral cane toad (Lair:6)
  13 swamp worms
  4 acid dragons
  15 water moccasins
  A sky beast (D:7)
  2 swamp drakes
  9 orc warriors
  A black bear (D:5)
  3 necrophages
  An elephant zombie (Lair:6)
  11 centaurs
  3 ogres
  9 wolves
  4 elephant skeletons (Lair:6)
  A phantom (D:5)
  3 kobold brigands
  10 bullfrogs
  2 gnoll sergeants
  A cane toad simulacrum (Lair:6)
  2 scorpions
  17 killer bees
  A water moccasin skeleton (D:4)
  6 wights
  An electric eel (Lair:4)
  2 howler monkeys
  A crimson imp (D:6)
  3 centaur zombies
  9 orc priests
  A jelly (D:6)
  5 hounds (D:7)
  2 gnoll shamans (D:7)
  Jessica (D:3)
  A centaur skeleton (D:6)
  2 iguanas
  14 orc wizards
  5 hell rats (Lair:4)
  Robin (D:4)
  28 gnolls
  7 adders
  A howler monkey skeleton (D:6)
  A shadow imp (D:7)
  2 white imps (D:8)
  An adder skeleton (D:5)
  A worm (D:6)
  2 dart slugs
  44 orcs
  9 ball pythons
  4 bats
  7 endoplasms
  A giant cockroach (D:4)
  10 goblins
  6 hobgoblins
  16 jackals
  4 quokkas
  3 frilled lizards
  22 kobolds
  9 rats
  A plant (D:11)
660 creatures vanquished.

Vanquished Creatures (collateral kills)
  3 dire elephants (Lair:6)
  Fannar (D:11)
  A hydra (Lair:1)
  A spectral anaconda (Lair:6)
  An orc knight (D:10)
  A necromancer (Lair:6)
  An elephant (Lair:6)
  A cane toad (Lair:6)
  A slime creature (D:12)
  A blink frog (Lair:6)
  A yak (Lair:6)
  2 orc warriors (D:10)
  A centaur (D:11)
16 creatures vanquished.

Vanquished Creatures (others)
  2 bloated husks (Swamp:3)
  A spriggan (Swamp:4)
  10 foxfires
  36 fungi
  60 plants
  15 withered plants (Lair:6)
124 creatures vanquished.

Grand Total: 800 creatures vanquished

Notes
Turn   | Place    | Note
-------+----------+-------------------------------------------
     0 | D:1      | Grim the Merfolk Berserker began the quest for the Orb.
     0 | D:1      | Reached XP level 1. HP: 18/18 MP: 1/1
    38 | D:1      | Found Yrchyor's Assorted Antiques.
   171 | D:1      | Reached skill level 5 in Polearms
   200 | D:1      | Reached XP level 2. HP: 23/24 MP: 2/2
   872 | D:2      | Reached skill level 6 in Polearms
   872 | D:2      | Reached XP level 3. HP: 29/29 MP: 3/3
   973 | D:2      | Found a faded altar of an unknown god.
  1371 | D:2      | Reached ** piety under Trog
  2020 | D:3      | Noticed Jessica
  2026 | D:3      | Killed Jessica
  2027 | D:3      | Reached skill level 7 in Polearms
  2027 | D:3      | Reached XP level 4. HP: 35/35 MP: 4/4
  2156 | D:3      | Noticed Grinder
  2167 | D:3      | Killed Grinder
  2168 | D:3      | Reached skill level 9 in Polearms
  2168 | D:3      | Reached XP level 5. HP: 27/41 MP: 5/5
  2168 | D:3      | Reached XP level 6. HP: 31/47 MP: 6/6
  2359 | D:3      | Noticed a necrophage
  2367 | D:3      | Killed a necrophage
  2368 | D:3      | Reached skill level 10 in Polearms
  2368 | D:3      | Reached skill level 1 in Throwing
  3324 | D:4      | Found Wylea's Antique Weapon Shop.
  3342 | D:4      | Noticed Robin
  3786 | D:4      | Killed Robin
  3925 | D:4      | Found Haal's Assorted Antiques.
  3947 | D:4      | Identified the +9 quarterstaff "Joap" {elec, Str-2 Int+5
                  | Dex+2}
  3957 | D:4      | Found Coefuocw's Jewellery Boutique.
  4050 | D:4      | Reached XP level 7. HP: 49/52 MP: 7/7
  4113 | D:4      | Found Fymeyxoq's Distillery.
  4202 | D:4      | Found a staircase to the Ecumenical Temple.
  4441 | D:4      | Found Xoodedwu's Assorted Antiques.
  4613 | D:4      | Reached skill level 11 in Polearms
  5009 | D:5      | Entered Level 5 of the Dungeon
  5036 | D:5      | Identified the +9 glaive "Goowaph" {freeze, rN+ rCorr}
  5230 | D:5      | Reached skill level 12 in Polearms
  5230 | D:5      | Reached XP level 8. HP: 53/58 MP: 8/8
  5285 | D:5      | Reached *** piety under Trog
  5386 | D:5      | Found Pigeg's Book Shop.
  6031 | D:6      | Reached skill level 13 in Polearms
  6057 | D:6      | Found a glowing drain.
  6074 | Sewer    | Entered a sewer
  6185 | Sewer    | Found a glowing silver altar of Zin.
  6561 | D:6      | Noticed Eustachio
  6567 | D:6      | Killed Eustachio
  6568 | D:6      | Reached skill level 14 in Polearms
  6568 | D:6      | Reached skill level 5 in Dodging
  6568 | D:6      | Reached XP level 9. HP: 55/64 MP: 9/9
  6960 | D:6      | Found a burning altar of Makhleb.
  7044 | D:7      | Found Cuklat's Antique Weapon Shop.
  7100 | D:7      | Reached skill level 15 in Polearms
  7104 | D:7      | Reached **** piety under Trog
  8186 | D:7      | Reached skill level 16 in Polearms
  8706 | D:8      | Reached XP level 10. HP: 70/70 MP: 10/10
  8720 | D:8      | Reached skill level 17 in Polearms
  8791 | D:8      | Found Vijala's Magic Scroll Emporium.
  8891 | D:8      | Reached ***** piety under Trog
  9700 | D:9      | Noticed a two-headed ogre
  9706 | D:9      | Killed a two-headed ogre
  9707 | D:9      | Reached skill level 18 in Polearms
  9791 | D:9      | Found a staircase to the Orcish Mines.
  9965 | D:9      | Noticed a kobold demonologist
  9976 | D:9      | Noticed a sixfirhy
  9977 | D:9      | Killed a kobold demonologist
 10564 | D:10     | Entered Level 10 of the Dungeon
 10564 | D:10     | Noticed a two-headed ogre
 10568 | D:10     | Killed a two-headed ogre
 10569 | D:10     | Reached skill level 19 in Polearms
 10569 | D:10     | Reached skill level 10 in Dodging
 10703 | D:10     | Reached XP level 11. HP: 63/75 MP: 11/11
 10712 | D:10     | Noticed Josephine
 10750 | D:10     | Killed Josephine
 10766 | D:9      | Reached skill level 5 in Fighting
 11086 | D:10     | Noticed Sonja
 11093 | D:10     | Killed Sonja
 11288 | D:10     | Reached skill level 20 in Polearms
 11297 | D:10     | Noticed an orc knight
 11347 | D:10     | Killed an orc knight
 11884 | D:11     | Noticed a cyclops
 11896 | D:11     | Killed a cyclops
 11945 | D:11     | Identified the +4 buckler of Awe {rElec rF+ Str+3 Stlth+}
 12064 | D:11     | Found a staircase to the Lair.
 12064 | D:11     | Noticed an oklob plant
 12075 | D:11     | Killed an oklob plant
 12112 | D:11     | Noticed a manticore
 12118 | D:11     | Killed a manticore
 12753 | D:11     | Noticed Fannar
 12763 | D:11     | Killed Fannar
 12764 | D:11     | Reached XP level 12. HP: 49/95 MP: 12/12
 12924 | D:11     | Noticed an eight-headed hydra
 12938 | D:11     | Killed a 13-headed hydra
 13084 | D:11     | Noticed a tengu warrior
 13094 | D:11     | Killed a tengu warrior
 13257 | D:12     | Noticed a six-headed hydra
 13279 | D:11     | Upgraded the game from 0.28-a0-1227-ga9037bb4c8 to
                  | 0.28-a0-1233-g92def6ad0a
 13361 | Lair:1   | Entered Level 1 of the Lair of Beasts
 13383 | Lair:1   | Reached skill level 10 in Fighting
 14376 | Lair:2   | Reached skill level 5 in Throwing
 14412 | Lair:2   | Reached skill level 5 in Armour
 14422 | Lair:2   | Noticed Gastronok
 14436 | Lair:2   | Noticed a seven-headed hydra
 14469 | Lair:1   | Killed an eight-headed hydra
 14529 | Lair:2   | Found a hole to the Spider Nest.
 14908 | Lair:2   | Noticed an eight-headed hydra
 14908 | Lair:2   | Noticed Erica
 14915 | Lair:2   | Killed Erica
 14919 | Lair:2   | Killed an 11-headed hydra
 14981 | Lair:2   | Noticed a six-headed hydra
 14999 | Lair:2   | Killed an eight-headed hydra
 15000 | Lair:2   | Reached XP level 13. HP: 104/104 MP: 13/13
 15188 | Lair:2   | Found a staircase to the Swamp.
 17533 | Lair:5   | Reached skill level 10 in Throwing
 17701 | Lair:5   | Reached skill level 1 in Evocations
 18181 | Lair:5   | Reached ****** piety under Trog
 18186 | Lair:5   | Gained mutation: Your magical capacity is low. (-10% MP)
                  | [potion of mutation]
 18186 | Lair:5   | Gained mutation: You do not regenerate when monsters are
                  | visible. [potion of mutation]
 18186 | Lair:5   | Gained mutation: You have a pair of small horns on your
                  | head. [potion of mutation]
 18187 | Lair:5   | Lost mutation: You have a pair of small horns on your head.
                  | [potion of mutation]
 18187 | Lair:5   | Lost mutation: You do not regenerate when monsters are
                  | visible. [potion of mutation]
 18187 | Lair:5   | Lost mutation: Your magical capacity is low. (-10% MP)
                  | [potion of mutation]
 18187 | Lair:5   | Gained mutation: You are somewhat resistant to further
                  | mutation. [potion of mutation]
 18187 | Lair:5   | Gained mutation: You passively dampen the noise of your
                  | surroundings. [potion of mutation]
 18188 | Lair:5   | Lost mutation: You are somewhat resistant to further
                  | mutation. [potion of mutation]
 18188 | Lair:5   | Gained mutation: A frigid envelope surrounds you and
                  | freezes all who hurt you. [potion of mutation]
 18319 | Lair:5   | Received a gift from Trog
 18569 | Lair:6   | Entered Level 6 of the Lair of Beasts
 18585 | Lair:6   | Reached XP level 14. HP: 89/111 MP: 14/14
 18798 | Lair:6   | Noticed a dire elephant
 18798 | Lair:6   | Noticed a dire elephant
 18798 | Lair:6   | Noticed a dire elephant
 19306 | Lair:6   | Found a runed translucent door.
 19307 | Lair:6   | Found a viscous altar of Jiyva.
 19315 | Lair:6   | Found a staircase to the Slime Pits.
 19438 | Lair:6   | Reached skill level 10 in Armour
 19443 | Lair:6   | Received a gift from Trog
 19444 | Lair:6   | Reached skill level 5 in Evocations
 19774 | Lair:6   | Killed a dire elephant
 19780 | Lair:6   | Killed a dire elephant
 19793 | Lair:6   | Killed a dire elephant
 19918 | Lair:6   | Identified the amulet of Fiast {RegenMP Contam rPois
                  | Regen+}
 20923 | D:12     | Noticed Kirke
 20931 | D:12     | Reached XP level 15. HP: 116/116 MP: 15/15
 20937 | D:12     | Killed Kirke
 21360 | D:12     | Received a gift from Trog
 21811 | D:13     | Noticed Frances
 21836 | D:12     | Killed Frances
 22275 | D:13     | Noticed Maurice
 22285 | D:13     | Killed Maurice
 22300 | D:13     | Noticed Urug
 22309 | D:13     | Killed Urug
 22991 | D:14     | Found a portal to a secret trove of treasure.
 23033 | D:14     | Noticed Agnes
 23043 | D:14     | Killed Agnes
 23269 | D:14     | Reached skill level 10 in Evocations
 23319 | D:14     | Noticed Jorgrun
 23865 | D:14     | Killed Jorgrun
 23898 | D:14     | Found a gate to the Vaults.
 24147 | Swamp:1  | Entered Level 1 of the Swamp
 25139 | Swamp:2  | Identified 2 scrolls of acquirement
 25140 | Swamp:2  | Acquired 357 gold pieces
 25141 | Swamp:2  | Acquired the ring "Acuse" {*Slow +Blink rPois Str+6 Int+6}
 25195 | Swamp:2  | Reached XP level 16. HP: 106/127 MP: 16/16
 25664 | Swamp:2  | Noticed a fenstrider witch
 25670 | Swamp:2  | Killed a fenstrider witch
 25814 | Swamp:1  | Reached skill level 15 in Dodging
 26686 | Swamp:2  | Found a basalt altar of Yredelemnul.
 26916 | Swamp:3  | Noticed a thorn hunter
 26925 | Swamp:3  | Killed a thorn hunter
 27224 | Swamp:3  | Noticed Bai Suzhen
 27242 | Swamp:3  | Killed Bai Suzhen
 27333 | Swamp:3  | Noticed a thorn hunter
 27356 | Swamp:3  | Noticed a fenstrider witch
 27364 | Swamp:3  | Killed a fenstrider witch
 27428 | Swamp:3  | Noticed a fenstrider witch
 27435 | Swamp:3  | Killed a fenstrider witch
 27618 | Swamp:3  | Killed a thorn hunter
 28177 | Swamp:4  | Entered Level 4 of the Swamp
 29018 | Swamp:4  | Reached XP level 17. HP: 137/140 MP: 17/17
 29050 | Swamp:4  | Slain by a ghoul

Illustrated notes

Levels and vault maps discovered:
D:1:      giann_bridges, layout_basic, serial_shops,
          nicolae_shop_overgrown_old_shop, minmay_bisected
D:2:      layout_basic, ebering_ecumenical_altar_abandoned,
          kennysheep_pointless_box, lexackson_kobold_supper
D:3:      layout_loops_cross, uniq_grinder, uniq_jessica
D:4:      layout_gridville, minmay_temple_entry_arrows, serial_shops, shop,
          shop, shop, nicolae_shop_temple_entry_statues_fountains, shop,
          uniq_robin
D:5:      layout_basic, serial_shops, shop
D:6:      layout_loops_ring, makhleb_grotto_becter,
          cheibrodos_sewer_entry_sluice, uniq_eustachio
D:7:      layout_cave_pools, serial_gnoll_camp, gnoll_camp_mini_hut,
          gnoll_camp_mini_doghouse, gnoll_camp_medium_01, gnoll_camp_mini_house,
          gnoll_camp_mini_shop, grunt_tough_drop
D:8:      layout_loops_corners, serial_shops, nicolae_shop_crystal
D:9:      layout_basic, minmay_orc_entry_temple_small,
          kennysheep_generic_room_10
D:10:     layout_grid_maze, minivault_26, uniq_sonja, uniq_josephine
D:11:     layout_loops_corners, dpeg_oklobed_lair, uniq_fannar
D:12:     layout_gridville, gauntlet_entry_generic, uniq_kirke
D:13:     layout_loops_corners, pond, uniq_frances, uniq_urug, uniq_maurice
D:14:     layout_roguey, david_vaults_5, nicolae_trove_entry_isolated,
          corexii_leaking_fountain, uniq_jorgrun, uniq_agnes
Lair:1:   layout_cave_pods, grunt_forest_small_clearings
Lair:2:   layout_cave_pods, palyth_hydra_swamp_entry, spider_nest_entry_webs,
          cheibrodos_lair_reptile_den, lemuel_fruit_fields, uniq_erica,
          uniq_gastronok
Lair:3:   layout_chaotic_city, infiniplex_staircase_pool, grunt_megastairs_4
Lair:4:   layout_loops_ring, serial_bayou_lake_a, lemuel_fruit_tree
Lair:5:   layout_regular_city, chequers_serial_rivers_small_3
Lair:6:   due_jungle_book, layout_big_grid, slime_altar_2, minivault_27,
          patterned_corridor
Swamp:1:  layout_basic_swamp, nicolae_swamp_little_swirl
Swamp:2:  layout_basic_swamp, evilmike_swamp_ruin_house_1, swamp_pool1,
          grunt_ruined_hall
Swamp:3:  nzn_winding_woodlands_small [nzn_winding_woodlands_5x15_zeroes,
          nzn_winding_woodlands_center_triple_pond,
          nzn_winding_woodlands_5x15_river_crossing], layout_basic_swamp,
          evilmike_swamp_ruin_house_6, uniq_bai_suzhen
Swamp:4:  nzn_swamp_witches_coven, layout_basic_swamp, swamp_pool4

Skill      XL: |  1  2  3  4  5  6  7  8  9 10 11 12 13 14 15 16 |
---------------+-------------------------------------------------+-----
Polearms       | 5 6 7 9 10 12 14 16 19 20 | 20.0
Throwing       | 1 3 4 7 10 | 10.0
Dodging        | 5 7 10 11 14 17 | 17.5
Fighting       | 9 10 12 14 | 14.8
Armour         | 3 6 8 10 | 10.9
Evocations     | 2 7 10 | 10.0

Action                   |  1- 3 |  4- 6 |  7- 9 | 10-12 | 13-15 | 16-18 || total
-------------------------+-------+-------+-------+-------+-------+-------++-------
Melee: Spear             |   117 |   144 |    68 |       |       |       ||   329
       Glaive            |       |       |   244 |   393 |   805 |   250 ||  1692
       Tailslap          |       |       |       |       |     9 |     7 ||    16
Throw: Boomerang         |     1 |     1 |     1 |     4 |     2 |    65 ||    74
       Dart              |       |       |    11 |     3 |     4 |    10 ||    28
       Throwing net      |       |       |     1 |     6 |       |       ||     7
       Javelin           |       |       |       |       |       |    29 ||    29
Invok: Berserk           |     2 |     5 |     8 |    11 |    13 |     6 ||    45
       Trog's Hand       |       |     2 |     5 |     5 |     7 |     4 ||    23
       Brothers in Arms  |       |       |       |     5 |     5 |       ||    10
 Abil: Evoke Blink       |       |       |       |       |       |     2 ||     2
Evoke: Wand              |       |       |       |     1 |    14 |     1 ||    16
  Use: Scroll            |       |       |     6 |     2 |    15 |     1 ||    24
       Potion            |       |       |       |     3 |     5 |     1 ||     9
 Stab: Sleeping          |     3 |       |     2 |     1 |     3 |       ||     9
       Distracted        |     1 |     1 |     1 |       |       |       ||     3
       Held in net/web   |       |       |     1 |     4 |       |       ||     5
Armor: Animal skin       |     9 |     6 |       |       |       |       ||    15
       Leather armour    |       |    13 |    40 |       |       |       ||    53
       Troll leather arm |       |       |       |    63 |   119 |    54 ||   236
Dodge: Dodged            |    39 |    56 |   150 |   281 |   420 |   217 ||  1163
       Repelled          |       |     1 |     2 |     6 |     6 |     7 ||    22

Table legend: (Time is in decaauts)
 A = Elapsed time spent in this place.
 B = Non-inter-level travel time spent in this place.
 C = Inter-level travel time spent in this place.
 D = Time resting spent in this place.
 E = Time spent auto-exploring this place.
 F = Levels seen in this place.
 G = Mean time per level.
                   A        B        C        D        E       F      G
               +--------+--------+--------+--------+--------+-----+--------+
         Total |  28570 |  27539 |   1031 |   8071 |  14867 |  25 | 1142.8 |
       Dungeon |  17107 |  16569 |    538 |   4437 |   9638 |  14 | 1221.9 |
          Lair |   6771 |   6399 |    372 |   1213 |   3950 |   6 | 1128.5 |
         Swamp |   4563 |   4444 |    119 |   2420 |   1222 |   4 | 1140.8 |
         Sewer |    127 |    127 |      0 |      0 |     57 |   1 |  127.0 |
               +--------+--------+--------+--------+--------+-----+--------+

Top non-repeatable levels by time:
 Swamp:3: 1623 daAuts
    D:12: 1609 daAuts
     D:3: 1569 daAuts
    D:11: 1564 daAuts
     D:9: 1530 daAuts
 Swamp:2: 1462 daAuts
  Lair:6: 1459 daAuts
     D:2: 1392 daAuts
     D:7: 1378 daAuts
  Lair:2: 1315 daAuts
     D:4: 1311 daAuts
    D:14: 1239 daAuts
  Lair:5: 1099 daAuts
  Lair:1: 1043 daAuts
    D:10: 1041 daAuts
